 Dungeon Crawl Stone Soup version 0.28-a0-1395-g4f6bc678fa (webtiles) character file.

Game seed: 1880785370903378651

345 ipx the Skirmisher (level 6, 0/38 HPs)
             Began as a Gargoyle Arcane Marksman on Jan 5, 2022.
             Shot with an arrow by a centaur (4 damage)
             ... on level 7 of the Dungeon.
             The game lasted 00:20:41 (1475 turns).

ipx the Skirmisher (Gargoyle Arcane Marksman)       Turns: 1475, Time: 00:20:41

Health: 0/38       AC: 17    Str: 13 (15) XL:     6   Next: 58%
Magic:  7/7        EV:  5    Int: 11 (14) God:
Gold:   129        SH:  0    Dex:  9 (10) Spells: 6/7 levels left

rFire   x . .      SeeInvis .   s - +0 war axe
rCold   + . .      Faith    .   (no shield)
rNeg    + . .      Spirit   .   m - +3 chain mail
rPois   ∞          Reflect  .   (no helmet)
rElec   +          Harm     .   l - +0 cloak
rCorr   .          Rampage  .   q - +0 pair of gloves
Will    .....                   (no boots)
Stlth   ..........              (no amulet)
HPRegen 0.12/turn               I - ring of ice
MPRegen 0.10/turn               (no ring)

@: confused, ambrosia-drunk, flying
A: sickness immunity, AC +4, negative energy resistance 1, electricity
resistance, torment resistance 1, petrification resistance
a: no special abilities


You were on level 7 of the Dungeon.
You visited 1 branch of the dungeon, and saw 6 of its levels.

You collected 129 gold pieces.

Inventory:

Hand Weapons
 a - a +2 dagger of speed
 b - a +2 dagger of draining
 s - a +0 war axe (weapon)
Missiles
 c - a throwing net (quivered)
 e - 3 javelins
Armour
 l - a +0 cloak (worn)
 m - a +3 chain mail (worn)
 q - a +0 pair of gloves (worn)
Jewellery
 I - a ring of ice (left hand)
Wands
 g - a wand of acid (11)
Scrolls
 d - a scroll of vulnerability {unknown}
 f - a scroll of fog {unknown}
 n - a scroll of identify {unknown}
 p - a scroll of amnesia {unknown}
Potions
 i - 2 potions of degeneration
 j - a potion of heal wounds {unknown}
 o - a potion of flight
 t - a potion of attraction {unknown}
 u - a potion of ambrosia


   Skills:
 - Level 4.0 Fighting
 + Level 3.4 Axes
 - Level 1.7 Throwing
 - Level 1.5 Dodging
 - Level 1.0 Spellcasting
 - Level 2.6 Hexes
 - Level 3.0 Evocations


You had 6 spell levels left.
You knew the following spells:

 Your Spells              Type           Power      Damage    Failure   Level
s - Slow                  Hex            24%        N/A       99%         1

Your spell library contained the following spells:

 Spells                   Type           Power      Damage    Failure   Level
 Summon Small Mammal      Summ           0%         N/A       100%        1
 Call Canine Familiar     Summ           0%         N/A       100%        3
 Inner Flame              Hex/Fire       3%         N/A       100%        3
 Portal Projectile        Hex/Tloc       6%         N/A       100%        3
 Summon Guardian Golem    Hex/Summ       3%         N/A       100%        3
 Cause Fear               Hex            3%         N/A       100%        4


Dungeon Overview and Level Annotations

Branches:
Dungeon (7/15)
 Temple: D:4-7

Altars:
Elyvilon
Gozag
Vehumet
Zin

Shops:
D:1 [   D:2 [


Innate Abilities, Weirdness & Mutations

You are immune to sickness and miasma.
Your stone body is resilient. (AC +4)
You are immune to poison.
You resist negative energy. (rN+)
You are resistant to electric shocks. (rElec)
You are resistant to unholy torment.
You are immune to petrification.


Message History

The water moccasin bites you but does no damage.
You slash the water moccasin!
You kill the water moccasin!
Training target 3.0 for Evocations reached!
Your Axes skill increases to level 3!
Your Evocations skill increases to level 3!
Unknown command.
c - a throwing net A centaur comes into view.
It is carrying a wand of iceblast (9).
The centaur wields a +0 shortbow.
The centaur shoots an arrow.
The arrow hits you!
* * * LOW HITPOINT WARNING * * *
Okay, then.
It was a potion of degeneration.
There was something very wrong with that liquid.
You feel weakened.
You feel dopey.
You feel clumsy.
The centaur shoots an arrow.
The arrow barely misses you.
It was a potion of flight.
You feel very buoyant.
You fly up into the air.
The centaur shoots an arrow.
The arrow barely misses you.
It was a potion of ambrosia.
You are confused.
You feel invigorated.
The centaur shoots an arrow.
The arrow hits you.
* * * LOW HITPOINT WARNING * * *
The centaur shoots an arrow.
The arrow hits you but does no damage.
The centaur zaps a wand.
The mass of ice explodes!
The iceblast engulfs you but does no damage.
The centaur shoots an arrow.
The arrow hits you but does no damage.
The centaur zaps a wand.
The mass of ice explodes!
The iceblast engulfs you!
* * * LOW HITPOINT WARNING * * *
You feel more attuned to ice.
I - a ring of ice (left hand)
The centaur shoots an arrow.
The arrow hits you!
* * * LOW HITPOINT WARNING * * *
The centaur zaps a wand.
The mass of ice explodes!
The iceblast engulfs you. You partially resist.
* * * LOW HITPOINT WARNING * * *
The centaur shoots an arrow.
The arrow hits you.
You die...

#.#.....#.#.##....
#.#.....#.#.#.....
#.......#.#.#.###.
#.#.....#.#.#. .
#.#.#.#.#.#.#
#.#.#.#.# #.# #.#
#@# #.# #.# ...
... ..c.. .....
#......


You could see a centaur.

Vanquished Creatures
  A water moccasin (D:7)
  A scorpion (D:7)
  2 bullfrog zombies
  An iguana (D:7)
  An adder (D:4)
  An adder skeleton (D:4)
  2 dart slugs (D:2)
  9 orcs (D:3)
  5 endoplasms
  3 giant cockroaches
  6 goblins
  3 hobgoblins
  4 jackals (D:3)
  5 quokkas
  2 ball pythons
  3 bats (D:1)
  4 frilled lizards
  5 kobolds
  2 rats (D:1)
60 creatures vanquished.

Vanquished Creatures (others)
  A fungus (D:3)
  3 plants (D:3)
4 creatures vanquished.

Grand Total: 64 creatures vanquished

Notes
Turn   | Place    | Note
-------+----------+-------------------------------------------
     0 | D:1      | ipx the Gargoyle Arcane Marksman began the quest for the
                  | Orb.
     0 | D:1      | Reached XP level 1. HP: 12/12 MP: 2/2
    64 | D:1      | Reached skill level 2 in Fighting
    98 | D:1      | Reached XP level 2. HP: 10/17 MP: 3/3
   171 | D:1      | Found Relusul's Antique Armour Boutique.
   327 | D:1      | Reached skill level 3 in Fighting
   409 | D:2      | Found a glowing silver altar of Zin.
   411 | D:2      | Found Vyigax's Antique Armour Shoppe.
   450 | D:1      | Reached XP level 3. HP: 15/23 MP: 4/4
   817 | D:3      | Reached skill level 4 in Fighting
   882 | D:3      | Reached XP level 4. HP: 29/29 MP: 5/5
  1056 | D:3      | Found a glowing silver altar of Zin.
  1059 | D:3      | Found an opulent altar of Gozag.
  1061 | D:3      | Found a white marble altar of Elyvilon.
  1095 | D:3      | Found a radiant altar of Vehumet.
  1192 | D:3      | Reached skill level 1 in Axes
  1192 | D:3      | Reached skill level 1 in Evocations
  1229 | D:3      | Found a faded altar of an unknown god.
  1295 | D:4      | Reached XP level 5. HP: 33/33 MP: 6/6
  1351 | D:4      | You fall into a shaft and drop 3 floors!
  1435 | D:7      | Reached XP level 6. HP: 31/38 MP: 7/7
  1438 | D:7      | Noticed a water moccasin
  1456 | D:7      | Killed a water moccasin
  1475 | D:7      | Shot with an arrow by a centaur

Illustrated notes

Levels and vault maps discovered:
D:1:      dpeg_arrival_arbitrary_b, layout_loops_cross, serial_shops,
          shop_fountains
D:2:      layout_loops_ring, serial_shops, shop, basic_altar,
          hangedman_decor_lopped
D:3:      layout_loops_corners, mainiacjoe_overflow_boulevard, minitemple,
          dreamdust_ecumenical_altar_grove, amcnicky_mini_rare_corridor_liquid,
          chequers_serial_rivers_large_b, minmay_vboxes
D:4:      layout_loops_cross, enter_ossuary_2
D:6:      layout_cave_pools, ebering_ghost_reflecting_pool
D:7:      layout_basic, david_defended_altar_orc

Skill      XL: |  1  2  3  4  5  6 |
---------------+-------------------+-----
Fighting       | 2 3 4 |  4.0
Axes           | 1 2 3 |  3.4
Evocations     | 1 2 3 |  3.0
Throwing       | |  1.7
Dodging        | |  1.5
Spellcasting   | |  1.0
Hexes          | |  2.6

Action                   |  1- 3 |  4- 6 || total
-------------------------+-------+-------++-------
Melee: Unarmed           |     8 |       ||     8
       Dagger            |    35 |   106 ||   141
       Short sword       |    74 |       ||    74
       War axe           |       |     3 ||     3
Throw: Javelin           |    19 |     2 ||    21
       Throwing net      |     3 |     1 ||     4
  Use: Scroll            |       |     1 ||     1
       Potion            |       |     3 ||     3
Armor: Robe              |     8 |       ||     8
       Ring mail         |    13 |       ||    13
       Chain mail        |    34 |    70 ||   104
       Scale mail        |     2 |       ||     2
Dodge: Dodged            |    65 |    25 ||    90

Table legend: (Time is in decaauts)
 A = Elapsed time spent in this place.
 B = Non-inter-level travel time spent in this place.
 C = Inter-level travel time spent in this place.
 D = Time resting spent in this place.
 E = Time spent auto-exploring this place.
 F = Levels seen in this place.
 G = Mean time per level.
                   A        B        C        D        E       F      G
               +--------+--------+--------+--------+--------+-----+--------+
         Total |   1517 |   1517 |      0 |      0 |      0 |   6 |  252.8 |
       Dungeon |   1517 |   1517 |      0 |      0 |      0 |   6 |  252.8 |
               +--------+--------+--------+--------+--------+-----+--------+

Top non-repeatable levels by time:
     D:3: 528 daAuts
     D:1: 426 daAuts
     D:2: 359 daAuts
     D:7: 109 daAuts
     D:4: 88 daAuts
     D:6: 5 daAuts
